 Dungeon Crawl Stone Soup version 0.32-a0-306-gfed3edf829 (webtiles) character file.

Game seed: 18044439983732260114

19736 Newt the Protected (level 12, -8/126 HPs)
             Began as a Gargoyle Fighter on Feb 14, 2024.
             Was an Initiate of Gozag.
             Mangled by a brown ugly thing (9 damage)
             ... on level 13 of the Dungeon.
             The game lasted 00:16:12 (12571 turns).

Newt the Protected (Gargoyle Fighter)              Turns: 12571, Time: 00:16:12

Health: -8/126     AC: 22    Str: 31    XL:     12   Next: 72%
Magic:  0/12       EV:  2    Int: 11    God:    Gozag
Gold:   2297       SH:  0    Dex:  9    Spells: 11/11 levels left

rFire   . . .        A - +7 spear of the Pure Souls {venom, Int+2}
rCold   . . .        O - +1 kite shield
rNeg    + + .        b - melded +0 scale mail
rPois   ∞            B - melded +2 hat
rElec   .            J - melded +0 cloak {rCorr}
rCorr   .            (gloves currently unavailable)
SInv    .            w - melded +1 pair of boots
Will    .....        e - amulet of guardian spirit
Stlth   +            R - +6 ring of strength
HPRegen 0.41/turn    H - ring of positive energy
MPRegen 0.13/turn

%: guardian spirit
@: confused, tree-form, ambrosia-drunk, corroded, hasted, studying Polearms,
very quick
A: stationary, stasis, torment immunity, boosted hp, sickness immunity, AC +8,
negative energy resistance 1, (electricity resistance), torment resistance 1,
petrification resistance
a: Renounce Religion, Potion Petition, Call Merchant, Bribe Branch


You were on level 13 of the Dungeon.
You worshipped Gozag.
Gozag was most pleased with you.
You were a tree.
You visited 2 branches of the dungeon, and saw 14 of its levels.

You collected 2757 gold pieces.
You spent 405 gold pieces at shops.
You paid 55 gold pieces to Gozag.

Inventory:

Hand Weapons
 a - a +0 flail of venom
 A - the +7 spear of the Pure Souls (weapon) {venom, Int+2}
   (You found it on level 4 of the Dungeon)

   Int+2:     It affects your intelligence (+2).
Missiles
 g - 12 javelins
 D - a throwing net
 P - 12 poisoned darts
Armour
 b - a +0 scale mail (melded)
 c - a +0 buckler
 n - a +0 helmet
 w - a +1 pair of boots (melded)
 B - a +2 hat (melded)
 J - a +0 cloak of preservation (melded)
 O - a +1 kite shield (worn)
Jewellery
 e - an amulet of guardian spirit (around neck)
 j - a ring of flight
 H - a ring of positive energy (right branch)
 L - a +6 ring of intelligence
 R - a +6 ring of strength (left branch)
Wands
 t - a wand of flame (80) (quivered)
 u - a wand of quicksilver (9)
 C - a wand of charming (8)
 G - a wand of mindburst (7)
 I - a wand of iceblast (10)
Scrolls
 f - a scroll of brand weapon
 i - 10 scrolls of teleportation
 m - 4 scrolls of noise
 y - 4 scrolls of vulnerability
 E - a scroll of enchant armour
 F - 2 scrolls of revelation
 K - a scroll of poison {unknown}
 Q - a scroll of fear
 S - a scroll of immolation
Potions
 d - 2 potions of might
 h - 7 potions of curing
 k - 3 potions of brilliance
 l - 6 potions of ambrosia
 o - a potion of lignification
 p - a potion of resistance {unknown}
 q - 4 potions of degeneration
 r - a potion of magic
 v - 2 potions of attraction {unknown}
 x - 3 potions of enlightenment
 z - 4 potions of invisibility {unknown}
 M - 2 potions of berserk rage {unknown}


   Skills:
 + Level 13.5 Fighting
 - Level 5.8 Maces & Flails
 - Level 8.5 Polearms
 * Level 14.5 Armour
 - Level 3.2 Shields


You had 11 spell levels left.
You didn't know any spells.
Your spell library contained the following spells:

 Spells                   Type           Power      Damage    Failure   Level
 Magic Dart               Conj           0%         1d3       54%         1
 Sting                    Conj/Alch      0%         1d3       54%         1
 Mercury Vapours          Alch/Air       0%         N/A       69%         2
 Leda's Liquefaction      Alch/Erth      0%         N/A       100%        4
 Olgreb's Toxic Radiance  Alch           0%         N/A       100%        4
 Lee's Rapid Deconstruct  Erth           0%         3d4*      100%        5
 Bombard                  Conj/Erth      0%         9d1       100%        6


Dungeon Overview and Level Annotations

Branches:
Dungeon (13/15)            Temple (1/1) D:4            Lair (0/5) D:11
    Orc (0/2) D:9
 Vaults: D:13-14

Altars:
Ashenzari
Cheibriados
Dithmenos
Elyvilon
Fedhas
Gozag
Hepliaklqana
Kikubaaqudgha
Makhleb
Nemelex Xobeh
Okawaru
Qazlal
Ru
Sif Muna
Trog
Uskayaw
Vehumet
Wu Jian
Xom
Yredelemnul
Zin
The Shining One

Shops:
D:4 =   D:11 !

Annotations:
D:12 Nessos


Innate Abilities, Weirdness & Mutations

You are a tree.
Your roots penetrate the ground, keeping you stationary.
You cannot be teleported.
You are immune to unholy pain and torment.
Your maximum health is greatly increased.
Your equipment is partially melded.
You are immune to sickness and miasma.
((Your stone body is resilient. (AC +8)))
You are immune to poison.
You resist negative energy. (rN+)
((You are resistant to electric shocks. (rElec)))
You are resistant to unholy torment.
You are immune to petrification.


Message History

The death knight hits you from afar with a +0 halberd!
* * * LOW HITPOINT WARNING * * *
The brown ugly thing bites you but does no damage.
Unknown command.
Unknown command.
You puncture the brown ugly thing!
The brown ugly thing looks as sick as possible!
The brown ugly thing is severely wounded.
The phantasmal warrior barely misses you.
The death knight hits you from afar with a +0 halberd!
* * * LOW HITPOINT WARNING * * *
Unknown command.
You feel much better.
The brown ugly thing bites you but does no damage.
The phantasmal warrior hits you but does no damage.
You block the death knight's attack.
You feel yourself speed up. The brown ugly thing bites you.
* * * LOW HITPOINT WARNING * * *
The acid corrodes you!
You are splashed with acid.
* * * LOW HITPOINT WARNING * * *
The phantasmal warrior hits you but does no damage.
The death knight hits you from afar with a +0 halberd!
* * * LOW HITPOINT WARNING * * *
Unknown command.
You barely miss the brown ugly thing.
The brown ugly thing is severely wounded.
The brown ugly thing bites you but does no damage.
Unknown command.
Unknown command.
Okay, then.
You are confused.
You feel invigorated.
The phantasmal warrior hits you but does no damage.
The phantasmal warrior gestures at you.
The phantasmal warrior blinks!
The death knight hits you from afar with a +0 halberd!
* * * LOW HITPOINT WARNING * * *
The brown ugly thing bites you!
You die...
Your body crumbles into a pile of gold.

...........## #...
............##....
........#.........
........##........
........##..............
.......p.#.............
.........#p#.#........#
.........#u#.#........#
......W.W#♣#..........#
#W###.......
..#####§###...#.##
........W.#......#####
.....................###
..........#.##..........
###########.##...#.#..##
#......#.#..##
#.##...#.#....


You could see a death knight, a brown ugly thing (extremely poisoned) and 2
phantasmal warriors.

Vanquished Creatures
  2 two-headed ogres
  4 boulder beetles
  A tengu warrior (D:13)
  A skeletal warrior (D:13)
  A deep elf pyromancer (D:11)
  A wolf spider (D:11)
  2 cyclopes
  Maurice (D:7)
  A manticore (D:12)
  A gargoyle (D:10)
  A kobold demonologist (D:12)
  An unseen horror (shapeshifter) (D:13)
  A tengu conjurer (D:11)
  3 trolls
  A queen bee (D:9)
  2 shadows
  2 wraiths
  A spriggan (shapeshifter) (D:11)
  2 wyverns
  11 yaks
  7 vampire mosquitoes (D:12)
  2 basilisks (D:13)
  2 steam dragons
  2 acid dragons
  A water moccasin (D:7)
  2 sky beasts
  2 laughing skulls (D:13)
  A black bear (D:6)
  7 orc warriors
  6 centaurs
  3 ogres
  3 wolves (D:11)
  3 phantoms
  6 kobold brigands
  Blork the orc (D:6)
  A bullfrog (D:8)
  4 gnoll sergeants
  A scorpion (D:5)
  4 wights (D:7)
  33 killer bees
  11 howler monkeys
  2 jellies
  6 orc priests
  A bombardier beetle (D:6)
  A gnoll bouda (D:10)
  6 hounds
  2 sleepcaps
  2 iguanas (D:5)
  8 orc wizards
  22 gnolls
  3 adders
  3 river rats (D:6)
  4 shadow imps
  2 white imps
  4 ufetubi (D:5)
  3 dart slugs
  A ribbon worm (D:4)
  47 orcs
  10 ball pythons
  5 endoplasms
  7 giant cockroaches
  5 goblins
  4 hobgoblins
  5 jackals
  16 kobolds
  2 quokkas (D:1)
  8 bats
  A frilled lizard (D:1)
  9 rats
331 creatures vanquished.

Vanquished Creatures (others)
  An orc wizard (D:6)
1 creature vanquished.

Grand Total: 332 creatures vanquished

Notes
Turn   | Place    | Note
-------+----------+-------------------------------------------
     0 | D:1      | Newt the Gargoyle Fighter began the quest for the Orb.
     0 | D:1      | Reached XP level 1. HP: 14/14 MP: 1/1
    99 | D:1      | Reached XP level 2. HP: 19/19 MP: 2/2
   351 | D:1      | Reached XP level 3. HP: 20/24 MP: 3/3
  1497 | D:3      | Reached XP level 4. HP: 21/29 MP: 4/4
  1611 | D:3      | Reached XP level 5. HP: 26/34 MP: 3/5
  2279 | D:4      | Found Zezeroc's Jewellery Shoppe.
  2410 | D:4      | Reached skill level 5 in Maces & Flails
  2410 | D:4      | Reached XP level 6. HP: 40/40 MP: 6/6
  2432 | D:4      | Reached skill level 5 in Fighting
  2717 | D:4      | Found a staircase to the Ecumenical Temple.
  2726 | Temple   | Entered the Ecumenical Temple
  2732 | Temple   | Became a worshipper of Gozag Ym Sagoz the Greedy
  3102 | D:4      | Identified the +7 spear of the Pure Souls {venom, Int+2}
  3345 | D:5      | Entered Level 5 of the Dungeon
  3467 | D:5      | Reached skill level 1 in Polearms
  3475 | D:5      | Reached XP level 7. HP: 44/44 MP: 7/7
  3791 | D:5      | Found a shimmering blue altar of Sif Muna.
  3791 | D:5      | Found an ancient bone altar of Kikubaaqudgha.
  3793 | D:5      | Found a radiant altar of Vehumet.
  3800 | D:5      | Got Vehumet's Codex of Momentum
  4234 | D:6      | Identified the +3 broad axe of the Shouting Moth {flame,
                  | rF+ Str+2}
  4350 | D:6      | HP: 2/46 [centaur/arrow (6)]
  4721 | D:6      | Reached XP level 8. HP: 36/52 MP: 6/8
  4982 | D:6      | Reached skill level 5 in Polearms
  5030 | D:6      | Found a faded altar of an unknown god.
  5030 | D:6      | Noticed a boulder beetle
  5030 | D:6      | Found the Hermit's Pendant {Faith Invo=14 Evo=0 MP+5}
  5043 | D:6      | Killed a boulder beetle
  5044 | D:6      | Reached XP level 9. HP: 42/59 MP: 5/9
  5224 | D:6      | Noticed Blork the orc
  5232 | D:6      | Killed Blork the orc
  5947 | D:7      | Noticed Maurice
  5960 | D:7      | Maurice stole 12 javelins
  5962 | D:7      | Killed Maurice
  6222 | D:7      | Found a broken altar of Ashenzari.
  6222 | D:7      | Found a hide-covered altar of Uskayaw.
  6238 | D:7      | Found an iron altar of Okawaru.
  6240 | D:7      | Found a shadowy altar of Dithmenos.
  6242 | D:7      | Found a glowing silver altar of Zin.
  6318 | D:8      | Reached skill level 4 in Armour
  6556 | D:8      | Reached XP level 10. HP: 39/66 MP: 4/10
  6567 | D:8      | Reached skill level 5 in Armour
  6953 | D:8      | Reached skill level 6 in Armour
  7165 | D:9      | Reached skill level 10 in Fighting
  7271 | D:9      | Reached skill level 7 in Armour
  7679 | D:9      | Reached skill level 8 in Armour
  7753 | D:9      | Reached skill level 9 in Armour
  7970 | D:9      | Found a staircase to the Orcish Mines.
  7979 | D:9      | Reached XP level 11. HP: 59/73 MP: 8/11
  8340 | D:10     | Entered Level 10 of the Dungeon
  8406 | D:10     | Reached skill level 10 in Armour
  8456 | D:10     | Found an ornate altar of the Wu Jian Council.
  9300 | D:11     | Noticed a cyclops
  9310 | D:11     | Killed a cyclops
  9311 | D:11     | Reached skill level 11 in Armour
  9322 | D:11     | Noticed a wolf spider
  9338 | D:11     | Killed a wolf spider
  9455 | D:11     | Found a staircase to the Lair.
  9683 | D:11     | Noticed a boulder beetle
  9702 | D:11     | Killed a boulder beetle
  9761 | D:11     | Noticed a boulder beetle
  9776 | D:11     | Killed a boulder beetle
  9777 | D:11     | Reached skill level 12 in Armour
  9904 | D:11     | Noticed a boulder beetle
  9918 | D:11     | Killed a boulder beetle
 10056 | D:11     | Found Sycwe's Distillery.
 10128 | D:11     | Noticed a deep elf pyromancer
 10135 | D:11     | Noticed a two-headed ogre
 10143 | D:11     | Killed a deep elf pyromancer
 10144 | D:11     | Reached XP level 12. HP: 67/82 MP: 9/12
 10163 | D:11     | Killed a two-headed ogre
 10441 | D:12     | Reached skill level 13 in Armour
 10496 | D:12     | Noticed a two-headed ogre
 10505 | D:12     | Killed a two-headed ogre
 11060 | D:11     | Bought a potion of heal wounds for 75 gold pieces
 11060 | D:11     | Bought a potion of heal wounds for 75 gold pieces
 11060 | D:11     | Bought a potion of lignification for 45 gold pieces
 11060 | D:11     | Bought a potion of degeneration for 15 gold pieces
 11060 | D:11     | Bought a potion of haste for 150 gold pieces
 11060 | D:11     | Bought a potion of curing for 45 gold pieces
 11138 | D:12     | Identified a scroll of acquirement
 11139 | D:12     | Acquired a manual of Polearms
 11395 | D:12     | Reached skill level 14 in Armour
 11679 | D:12     | Noticed Nessos
 11701 | D:12     | HP: 3/84 [Nessos/arrow (3)]
 12220 | D:13     | Noticed a tengu warrior
 12240 | D:13     | Killed a tengu warrior
 12524 | D:13     | Noticed a death knight
 12571 | D:13     | HP: 1/126 [death knight/+0 halberd (11)]
 12571 | D:13     | Mangled by a brown ugly thing

Illustrated notes

Levels and vault maps discovered:
D:1:      lemuel_arrival_funnel, layout_basic
D:2:      layout_basic, st_stairs_6
D:3:      cheibrodos_helix_gallery, layout_basic, minmay_between
D:4:      layout_loops_corners, lemuel_temple_firewalk_b, serial_shops,
          nicolae_square_shop, minmay_misc_feat_diagonals,
          kennysheep_generic_room_5
D:5:      layout_loops_ring, grunt_temple_overflow_magic_moments
D:6:      nicolae_whirlpool, layout_gridville, portal_sewer_entry_b,
          hellmonk_guarded_unrand_hermit, uniq_blork_the_orc
D:7:      layout_cave_pools, chequers_temple_overflow_minitemple, uniq_maurice
D:8:      layout_basic
D:9:      layout_roguey [special_room_bee],
          kennysheep_orc_monster_closet_entryway
D:10:     layout_irregular_city, nicolae_wu_jian_immortal_techniques
D:11:     minmay_chambers_of_sixes, layout_long_grid, erik_lair_island,
          grunt_decor_resistance, nicolae_take_the_stairs
D:12:     layout_grid_maze, st_stairs_2, uniq_nessos
D:13:     minmay_guarded_unrand_sword_of_power, layout_basic,
          lightli_vaults_fourway_checkpoint, uniq_snorg, uniq_erolcha
Temple:   compressed_dpeg_triangle_lava_temple

Skill      XL: |  1  2  3  4  5  6  7  8  9 10 11 12 |
---------------+-------------------------------------+-----
Maces & Flails | 3 4 5 |  5.8
Fighting       | 4 5 6 7 9 10 12 13 | 13.5
Polearms       | 1 4 6 8 |  8.5
Armour         | 4 9 12 14 | 14.5
Shields        | |  3.2

Action                     |  1- 3 |  4- 6 |  7- 9 | 10-12 || total
---------------------------+-------+-------+-------+-------++-------
  Melee: Flail             |    84 |   159 |       |       ||   243
         Spear             |       |    34 |   229 |   844 ||  1107
  Throw: Dart              |       |       |       |     4 ||     4
         Throwing net      |       |       |       |     2 ||     2
  Evoke: Wand              |       |       |    10 |     1 ||    11
    Use: Scroll            |     1 |     6 |     1 |     8 ||    16
         Potion            |       |     1 |     2 |     6 ||     9
   Stab: Distracted        |       |       |     2 |     4 ||     6
 Armour: Scale mail        |    50 |   143 |   173 |   544 ||   910
         Skin              |       |       |       |    23 ||    23
  Dodge: Dodged            |    30 |    83 |    68 |   244 ||   425
  Block: Buckler           |    16 |    39 |    36 |    38 ||   129
         Kite shield       |       |       |       |   188 ||   188

Table legend: (Time is in decaauts)
 A = Elapsed time spent in this place.
 B = Non-inter-level travel time spent in this place.
 C = Inter-level travel time spent in this place.
 D = Time resting spent in this place.
 E = Time spent auto-exploring this place.
 F = Levels seen in this place.
 G = Mean time per level.
                   A        B        C        D        E       F      G
               +--------+--------+--------+--------+--------+-----+--------+
         Total |  12421 |  11964 |    457 |   1609 |   8117 |  14 |  887.2 |
       Dungeon |  12409 |  11963 |    446 |   1609 |   8117 |  13 |  954.5 |
        Temple |     12 |      1 |     11 |      0 |      0 |   1 |   12.0 |
               +--------+--------+--------+--------+--------+-----+--------+

Top non-repeatable levels by time:
    D:12: 1687 daAuts
     D:9: 1260 daAuts
    D:11: 1198 daAuts
     D:4: 1192 daAuts
     D:5: 1074 daAuts
     D:6: 983 daAuts
    D:10: 890 daAuts
     D:2: 839 daAuts
     D:3: 766 daAuts
     D:7: 759 daAuts
     D:8: 721 daAuts
     D:1: 673 daAuts
    D:13: 361 daAuts
  Temple: 12 daAuts
